 Dungeon Crawl Stone Soup version 0.20.1-1-g8b1a95d (webtiles) character file.

192 Mitsuki the Sneak (level 5, -7/24 HPs)
             Began as a Spriggan Enchanter on Sept 11, 2017.
             Mangled by an orc wizard
             ... wielding a +0 dagger of electrocution
              (11 damage)
             ... on level 4 of the Dungeon.
             The game lasted 00:23:33 (4902 turns).

Mitsuki the Sneak (Spriggan Enchanter)              Turns: 4902, Time: 00:23:34

Health: -7/24      AC:  3    Str:  4    XL:     5   Next: 42%
Magic:  5/11       EV: 20    Int: 17    God:
Gold:   117        SH:  0    Dex: 19    Spells: 4/10 levels left

rFire    . . .     SeeInvis +   a - +1 dagger
rCold    . . .     Gourm    .   (shield restricted)
rNeg     . . .     Faith    .   b - +0 robe
rPois    .         Spirit   .   (helmet restricted)
rElec    .         Reflect  .   i - +0 cloak
rCorr    .         Harm     .   (gloves unavailable)
MR       .....                  (boots unavailable)
Stlth    ++++......             g - amulet of inaccuracy (curse)
Regen    0.1/turn               l - +2 ring of dexterity
MPRegen  0.2/turn               (no ring)

@: very quick
A: unfitting armour, see invisible, herbivore 3, speed 3, slow metabolism 2
a: no special abilities


You were on level 4 of the Dungeon.
You were not hungry.

You visited 1 branch of the dungeon, and saw 4 of its levels.

You collected 117 gold pieces.

Inventory:

Hand Weapons
 a - a +1 dagger (weapon)
 e - a +1 dagger of holy wrath
Armour
 b - a +0 robe (worn)
 i - a +0 cloak (worn)
Jewellery
 g - a cursed amulet of inaccuracy (around neck)
 l - a +2 ring of dexterity (left hand)
Scrolls
 k - a scroll of magic mapping
 m - a scroll of teleportation
 n - a scroll of immolation {unknown}
Potions
 h - a potion of mutation {unknown}
 j - 2 potions of invisibility {unknown}
Books
 c - a book of Maledictions

   Spells                             Type                      Level
   a - Corona                         Hexes                        1
   b - Ensorcelled Hibernation        Hexes/Ice                    2
   c - Confuse                        Hexes                        3
   d - Tukima's Dance                 Hexes                        3
   e - Dazzling Spray                 Conjuration/Hexes            3
Comestibles
 d - 5 bread rations
 f - 3 royal jellies


   Skills:
 + Level 2.3 Short Blades
 + Level 4.0 Dodging
 + Level 6.8 Stealth
 + Level 3.4 Spellcasting
 + Level 4.8 Hexes


You had 4 spell levels left.
You knew the following spells:

 Your Spells              Type           Power        Failure   Level  Hunger
a - Ensorcelled Hibernat  Hex/Ice        ##....       10%         2    ##.....
b - Tukima's Dance        Hex            ###.....     7%          3    ###....
c - Corona                Hex            ###....      2%          1    None


Dungeon Overview and Level Annotations

Branches:
Dungeon (4/15)
 Temple: D:4-7

Altars:
Ashenzari
Elyvilon
Nemelex Xobeh
Ru
Trog


Innate Abilities, Weirdness & Mutations

You are very small and have problems with some larger weapons.
You are too small for most types of armour.
You have supernaturally acute eyesight. (SInv)
You are a herbivore.
You cover ground extremely quickly.
You need consume almost no food.


Message History

You hit the orc wizard but do no damage.
The orc wizard casts a spell at you. The puff of flame hits you!
You barely miss the orc wizard. The orc wizard misses you.
You closely miss the orc wizard. The orc wizard completely misses you.
You barely miss the orc wizard. You barely miss the orc wizard.
The orc wizard closely misses you.
You hit the orc wizard but do no damage.
The orc wizard hits you but does no damage.
You are electrocuted!
* * * LOW HITPOINT WARNING * * *
You barely miss the orc wizard. The orc wizard completely misses you.
You miss the orc wizard.
The orc wizard hits you but does no damage.
You hit the orc wizard.
The orc wizard is moderately wounded.
The orc wizard hits you with a dagger of electrocution.
* * * LOW HITPOINT WARNING * * *
You are electrocuted!
You die...

#.......#...............
#.......#.....o.........
#.......'........†.o....
#.......#....##...##....
#......##....##...##....
#########....##.........
#.......#...............
#.......#...............
#...[..@o...............
#....####....##.........
####'###################
#............#..........
#............#..........
#............#....)....<
#............#..........
#............#..........
#............#..........


You could see an orc wizard.

Vanquished Creatures
  Crazy Yiuf (D:2)
  An orc wizard (D:4)
  A worker ant (D:4)
  2 adders (D:3)
  2 oozes
  4 worms
  A dart slug (D:1)
  3 leopard geckos
  2 orcs (D:4)
  6 giant cockroaches
  4 goblins
  7 hobgoblins
  3 jackals (D:1)
  2 quokkas
  2 ball pythons
  8 bats
  4 frilled lizards
  5 kobolds
  14 rats
72 creatures vanquished.

Notes
Turn   | Place    | Note
-------+----------+-------------------------------------------
     0 | D:1      | Mitsuki the Spriggan Enchanter began the quest for the Orb.
     0 | D:1      | Reached XP level 1. HP: 9/9 MP: 5/5
   239 | D:1      | Reached XP level 2. HP: 3/13 MP: 4/6
   480 | D:1      | Learned a level 2 spell: Ensorcelled Hibernation
   640 | D:1      | Reached skill level 5 in Stealth
  1068 | D:1      | Reached XP level 3. HP: 14/16 MP: 8/8
  1662 | D:2      | Noticed a moth of wrath
  1665 | D:2      | Found a bloodstained altar of Trog.
  1880 | D:2      | Reached skill level 6 in Stealth
  2285 | D:2      | Found a sparkling altar of Nemelex Xobeh.
  2366 | D:2      | Reached XP level 4. HP: 21/21 MP: 3/9
  2511 | D:2      | You fall through a shaft for 2 floors!
  2668 | D:3      | Learned a level 3 spell: Tukima's Dance
  3017 | D:2      | Found a runed door.
  3021 | D:2      | Noticed Crazy Yiuf
  3025 | D:2      | Killed Crazy Yiuf
  3130 | D:3      | Found a shattered altar of Ashenzari.
  3513 | D:3      | Found a white marble altar of Elyvilon.
  3780 | D:3      | Found a sacrificial altar of Ru.
  3837 | D:3      | Reached XP level 5. HP: 24/24 MP: 7/10
  4902 | D:4      | Mangled by an orc wizard

Skill      XL: |  1  2  3  4  5 |
---------------+----------------+-----
Hexes          | 4 |  4.8
Stealth        | 5 6 |  6.8
Spellcasting   | 3 |  3.4
Short Blades   | 2 |  2.3
Dodging        | 4 |  4.0

Action                   |  1- 3 |  4- 6 || total
-------------------------+-------+-------++-------
Melee: Dagger            |   142 |   120 ||   262
 Cast: Corona            |     1 |       ||     1
       Ensorcelled Hiber |    21 |    29 ||    50
       Tukima's Dance    |       |     1 ||     1
  Use: Scroll            |     3 |       ||     3
       Potion            |     3 |       ||     3
 Stab: Sleeping          |    26 |    18 ||    44
       Distracted        |     2 |       ||     2
  Eat: Royal jelly       |       |     2 ||     2
Armor: Robe              |    23 |     7 ||    30
Dodge: Dodged            |   111 |    69 ||   180
